Map: Ever Dream LE

Players

Scarlett

  • Race: Zerg Zerg
  • Spawn Location: 7:00

INnoVation - Winner!

  • Race: Terran Terran
  • Spawn Location: 1:00

Event: DreamHack SC2 Masters 2020 Fall

VOD

Have the link to the VOD?

Description

Time

  • Played on: Sept. 18, 2020, 10:35 a.m.
  • Length: 10:58

All games in this series

Show
View Real Time Build Order
Export as new Build Order

Scarlett Zerg 

Build Orders: Hatch First, Muta Ling Bane 

Get SALT Encoding   

  12  0:00  Drone  
  13  0:12  Overlord  
  13  0:16  Drone  
  14  0:30  Drone x2  
  16  0:47  Hatchery  
  15  0:50  Drone  
  15  0:53  Drone  
  17  0:57  Drone  
  18  1:08  Extractor  
  17  1:12  Spawning Pool  
  17  1:16  Drone  
  17  1:19  Drone  
  18  1:30  Drone  
  19  1:39  Drone  
  20  1:50  Overlord  
  20  1:58  Queen x2  
  20  1:59  Zergling x2  
  20  2:00  Zergling x2  
  26  2:12  Drone x2  
  26  2:14  Metabolic Boost  
  28  2:22  Drone x2  
  30  2:35  Hatchery  
  30  2:36  Drone  
  30  2:42  Drone  
  31  2:45  Overlord  
  31  2:48  Drone  
  32  2:52  Drone  
  32  2:54  Queen  
  32  2:56  Drone  
  36  3:06  Drone x2  
  36  3:08  Drone x3  
  41  3:14  Overlord  
  41  3:17  Queen  
  43  3:21  Drone  
  44  3:33  Drone x2  
  48  3:36  Drone  
  48  3:39  Drone x3  
  48  3:40  Lair, Overlord  
  50  3:43  Extractor  
  50  3:44  Extractor  
  50  3:46  Drone  
  50  3:48  Queen  
  51  3:52  Zergling x4  
  53  4:05  Drone x6  
  53  4:08  Baneling Nest  
  58  4:10  Overlord  
  58  4:12  Drone  
  58  4:13  Drone  
  60  4:20  Drone x4  
  60  4:23  Overlord  
  64  4:34  Overlord  
  64  4:35  Drone x2, Queen  
  64  4:38  Zergling x2  
  69  4:42  Overseer, Spire  
  69  4:44  Zergling x2  
  69  4:48  Zergling x6  
  69  4:52  Zergling x6  
  74  4:54  Baneling x2  
  74  4:55  Spore Crawler  
  74  4:59  Spore Crawler  
  72  5:00  Baneling x4  
  72  5:07  Drone  
  72  5:08  Drone x4  
  72  5:10  Drone x2  
  72  5:12  Extractor  
  72  5:13  Overlord  
  81  5:14  Drone x2  
  81  5:16  Centrifical Hooks  
  82  5:24  Drone x4, Overlord  
  82  5:26  Extractor  
  82  5:28  Extractor, Overlord  
  84  5:29  Drone  
  84  5:33  Drone x3  
  88  5:38  Drone x3, Overlord  
  88  5:41  Queen  
  93  5:47  Overlord  
  93  5:54  Mutalisk x3  
  93  5:55  Mutalisk  
  101  6:00  Drone  
  101  6:01  Mutalisk  
  104  6:04  Zergling x2  
  104  6:05  Zergling x10  
  104  6:11  Hatchery  
  109  6:16  Evolution Chamber  
  109  6:18  Evolution Chamber  
  107  6:22  Zerg Flyer Weapons Level 1  
  107  6:23  Baneling x10  
  107  6:28  Zergling x12  
  107  6:29  Zergling x2  
  114  6:35  Zergling x10  
  114  6:39  Pneumatized Carapace  
  119  6:51  Overseer  
  119  6:52  Overseer  
  119  6:53  Mutalisk x2  
  123  6:56  Drone  
  124  7:03  Drone x5  
  124  7:05  Overlord x6  
  124  7:08  Zerg Melee Weapons Level 1  
  127  7:09  Zerg Ground Armor Level 1  
  127  7:20  Mutalisk  
  129  7:26  Mutalisk x2  
  129  7:29  Extractor  
  132  7:30  Drone x3, Extractor, Hatchery  
  132  7:31  Drone x3  
  132  7:33  Drone x4  
  132  7:35  Zergling x2  
  141  7:41  Mutalisk x3  
  147  7:49  Mutalisk  
  149  7:56  Mutalisk  
  149  7:58  Mutalisk  
  149  8:01  Zergling x20  
  149  8:05  Baneling x6  
  161  8:13  Drone x6  
  161  8:17  Mutalisk x2  
  161  8:19  Zergling x10  
  176  8:21  Overlord x2  
  176  8:26  Zerg Flyer Weapons Level 2, Unknown  
  175  8:33  Infestation Pit, Zergling x14  
  181  8:39  Baneling x10  
  180  8:43  Drone x3  
  181  8:57  Mutalisk x4  
  181  9:02  Hatchery  
  186  9:18  Baneling x4  
  186  9:25  Hive  
  186  9:27  Mutalisk x2  
  186  9:29  Zergling x20  
  184  9:48  Zergling x32  
  195  9:53  Baneling x8  
  182  10:05  Baneling x5  
  182  10:06  Baneling x14  
  169  10:10  Zergling x20  
  169  10:11  Zergling x4  
  181  10:15  Baneling x8  
  178  10:26  Hatchery  
Show
View Real Time Build Order
Export as new Build Order

INnoVation Terran - Winner!

Build Orders: Reaper Expand 

Get SALT Encoding   

  12  0:00  SCV  
  13  0:12  SCV  
  14  0:17  Supply Depot  
  14  0:24  SCV  
  15  0:38  SCV  
  15  0:41  Barracks  
  16  0:43  Refinery  
  16  0:50  SCV  
  17  1:02  SCV  
  18  1:15  SCV  
  19  1:27  Orbital Command, Reaper  
  20  1:39  Command Center  
  20  1:48  Supply Depot  
  20  1:53  SCV  
  21  1:59  Marine  
  22  2:05  SCV  
  22  2:07  Factory  
  23  2:17  SCV  
  23  2:18  Refinery  
  23  2:20  Barracks Reactor  
  24  2:29  SCV  
  25  2:41  SCV  
  26  2:50  Orbital Command  
  26  2:52  Starport  
  26  2:53  SCV  
  27  3:03  Command Center  
  27  3:05  SCV  
  27  3:11  Barracks Tech Lab  
  28  3:13  Hellion  
  28  3:18  SCV x2  
  32  3:23  Hellion  
  34  3:27  Supply Depot  
  34  3:32  SCV x2  
  39  3:44  Hellion  
  39  3:45  Hellion  
  39  3:48  SCV x2  
  45  3:50  Barracks Tech Lab  
  45  3:57  Raven  
  45  4:00  SCV x2  
  45  4:05  Hellion  
  45  4:06  Hellion  
  45  4:09  Stimpack  
  50  4:12  SCV x2  
  50  4:15  Orbital Command  
  51  4:21  Supply Depot  
  51  4:24  SCV x2  
  51  4:27  Hellion  
  51  4:28  Hellion  
  57  4:36  SCV x2  
  59  4:45  Engineering Bay  
  59  4:46  Engineering Bay  
  59  4:47  Marine  
  59  4:48  Starport Reactor  
  59  4:49  Barracks  
  59  4:51  SCV x2  
  59  4:52  Barracks, SCV  
  63  4:57  Factory Reactor  
  63  4:59  Refinery  
  63  5:00  Refinery  
  63  5:04  SCV x3, Supply Depot  
  63  5:05  Marine  
  67  5:13  Terran Infantry Armor Level 1, Terran Infantry Weapons Level 1  
  67  5:16  SCV x3  
  70  5:21  Supply Depot  
  70  5:24  Marine  
  70  5:27  Orbital Command  
  71  5:31  SCV x2  
  71  5:34  Starport Reactor  
  73  5:38  Barracks, Supply Depot  
  73  5:40  Marine x2  
  73  5:42  Marine  
  76  5:43  Barracks  
  76  5:44  SCV x2, Widow Mine x2, Supply Depot  
  76  5:46  Marine x2  
  84  5:53  Combat Shield  
  84  5:55  SCV  
  84  5:56  SCV x2  
  87  5:59  Marine x2  
  87  6:02  Marine  
  87  6:03  Supply Depot  
  90  6:07  SCV, Supply Depot  
  90  6:08  SCV x2  
  93  6:15  Armory, Medivac  
  93  6:16  Medivac  
  97  6:19  SCV  
  97  6:20  SCV x2, Refinery  
  97  6:23  Factory  
  97  6:24  Marine x2  
  97  6:25  Marine  
  103  6:27  Barracks Reactor  
  103  6:29  Barracks Reactor  
  103  6:32  SCV  
  104  6:33  SCV x2, Supply Depot  
  104  6:36  Missile Turret  
  104  6:39  Missile Turret  
  106  6:40  Missile Turret  
  104  6:47  Marine x3  
  104  6:49  SCV x3  
  108  6:55  Marine x2  
  108  6:57  Widow Mine x2  
  114  7:01  SCV x2  
  114  7:02  SCV  
  114  7:03  Refinery  
  114  7:05  Supply Depot, Marine x3  
  114  7:08  Terran Infantry Armor Level 2  
  120  7:10  Terran Infantry Weapons Level 2  
  120  7:11  Drilling Claws  
  120  7:19  Widow Mine x2  
  120  7:20  Supply Depot  
  120  7:21  SCV x2  
  120  7:22  SCV  
  127  7:27  Thor  
  133  7:35  Command Center  
  133  7:39  Medivac x2  
  133  7:42  Supply Depot  
  137  7:45  Widow Mine x2, Supply Depot  
  137  7:47  Marine x4  
  143  8:02  Marine x4  
  143  8:04  SCV x3  
  148  8:07  Barracks  
  148  8:08  Barracks  
  148  8:10  Barracks  
  148  8:13  Sensor Tower  
  148  8:14  Concussive Shells  
  148  8:17  Widow Mine x2  
  148  8:19  Thor  
  158  8:21  Marine  
  158  8:22  Marauder, Marine x4  
  158  8:26  Supply Depot  
  158  8:27  Supply Depot  
  165  8:33  Terran Vehicle And Ship Armor Level 1  
  165  8:46  Medivac x2, Marine x5  
  165  8:47  Widow Mine x2, Marauder, Marine x3  
  183  8:53  Supply Depot  
  183  9:00  Barracks Tech Lab x2  
  183  9:02  Barracks Tech Lab  
  181  9:04  Marine  
  181  9:05  Thor  
  181  9:08  Marauder  
  190  9:11  Planetary Fortress  
  190  9:12  Missile Turret  
  189  9:17  Medivac x2, Widow Mine x2  
  189  9:21  Marauder x3, Marine  
  200  9:44  Widow Mine x2  
  187  9:46  Marauder  
  187  9:47  Marauder x3, Marine x4  
  187  9:48  Medivac x2, Marine x2  
  187  9:50  Marine x2  
  188  10:05  Marine x3  
  182  10:07  SCV x4  
  182  10:08  Marauder  
  182  10:13  Thor  
  194  10:18  Medivac x2, Marauder x3, Marine  
  197  10:29  Marauder  
  197  10:31  Marine  

Tags
 
Add a new tag
Caveats
  • Supply blocks, unpowered buildings, or Contaminate may cause inaccurate times.
  • Supply counts are checked every 10 seconds.